 Dungeon Crawl Stone Soup version 0.30-a0-939-gc8157cb160 (console) character file.

Game seed: 17455040285814234774

44657 jejorda2 the Phalangite (level 14, -3/159 HPs)
             Began as a Merfolk Berserker on Mar 25, 2023.
             Was a High Priest of Trog.
             Slain by a yak (6 damage)
             ... on level 5 of the Lair of Beasts.
             The game lasted 00:41:16 (14431 turns).

jejorda2 the Phalangite (Merfolk Berserker)        Turns: 14431, Time: 00:41:17

Health: -3/159     AC: 29    Str: 19    XL:     14   Next: 29%
Magic:  14/14      EV:  6    Int:  8    God:    Trog [*****.]
Gold:   1410       SH:  0    Dex: 22    Spells: 13/13 levels left

rFire   + . .      SeeInvis .    a - +2 bardiche (freeze)
rCold   + . .      Faith    +    (shield currently unavailable)
rNeg    . . .      Spirit   .    x - +4 crystal plate armour of Inaction {rPois Stlth+}
rPois   +          Reflect  .    (no helmet)
rElec   .          Rampage  .    P - +2 cloak {rPois}
rCorr   .                        K - +0 pair of gloves
Will    +++..                    j - melded +2 pair of boots Stlth
                                 v - amulet "Urerek" {Faith Drain Regen+ Str-2 Dex+9}
HPRegen 2.26/turn                y - ring of protection from cold
MPRegen 0.14/turn                c - ring of protection from fire

@: berserking, strong-willed, regenerating, studying Fighting, very quick
A: nimble swimmer 2, mertail
a: Renounce Religion, Berserk, Trog's Hand, Brothers in Arms


You were on level 5 of the Lair of Beasts.
You worshipped Trog.
Trog was extremely pleased with you.
You visited 2 branches of the dungeon, and saw 14 of its levels.
You also visited: Bailey and Ice Cave.

You collected 1410 gold pieces.

Inventory:

Hand Weapons
 a - a +2 bardiche of freezing (weapon)
 b - a +5 halberd of flaming
 A - a +1 glaive
Missiles
 h - a throwing net
 l - 20 poisoned darts
 n - 78 stones (quivered)
 w - 7 curare-tipped darts
 H - 10 boomerangs
Armour
 j - a +2 pair of boots (melded)
 x - the +4 crystal plate armour of Inaction (worn) {rPois Stlth+}
   (You acquired it on level 8 of the Dungeon)

   rPois:     It protects you from poison.
   Stlth:     It makes you more stealthy.
 K - a +0 pair of gloves (worn)
 P - a +2 cloak of poison resistance (worn)
Jewellery
 c - a ring of protection from fire (right hand)
 v - the amulet "Urerek" (around neck) {Faith Drain Regen+ Str-2 Dex+9}
   (You acquired it on level 1 of the Lair of Beasts)

   [amulet of faith]

   It allows you to gain divine favour quickly.
   Str:       It affects your strength (-2).
   Dex:       It affects your dexterity (+9).
   Regen:     It increases your rate of health regeneration.
   Drain:     It drains your maximum health when unequipped.
 y - a ring of protection from cold (left hand)
 B - a ring of positive energy
 M - the ring "Mangaub" {Str+3 SInv}
   (You acquired it on level 3 of the Lair of Beasts)

   [ring of see invisible]

   Str:       It affects your strength (+3).
   SInv:      It lets you see invisible.
Wands
 e - a wand of mindburst (9)
 t - a wand of paralysis (20)
 C - a wand of digging (4)
 D - a wand of iceblast (14)
 J - a wand of flame (20)
 R - a wand of light (6)
Scrolls
 d - 4 scrolls of fog
 i - 6 scrolls of teleportation
 k - 2 scrolls of fear
 r - 3 scrolls of vulnerability
 E - a scroll of poison
 G - 2 scrolls of enchant weapon
 I - a scroll of blinking
 L - a scroll of magic mapping
 O - 4 scrolls of immolation
 U - a scroll of silence {unknown}
Potions
 f - a potion of lignification {unknown}
 g - 7 potions of curing
 m - a potion of ambrosia
 o - a potion of cancellation
 p - 5 potions of might
 q - 4 potions of haste
 s - a potion of invisibility {unknown}
 u - a potion of attraction
 z - a potion of berserk rage
 F - 6 potions of heal wounds
 N - 4 potions of mutation
 Q - a potion of flight {unknown}
Miscellaneous
 S - a lightning rod (4/4)
 T - a phial of floods


   Skills:
 - Level 8.3 Fighting
 + Level 21.8 Polearms
 + Level 9.8 Throwing
 * Level 10.3 Armour
 - Level 2.6 Dodging


You had 13 spell levels left.
You didn't know any spells.
Your spell library was empty.

Dungeon Overview and Level Annotations

Branches:
Dungeon (9/15)             Temple (0/1) D:4            Lair (5/5) D:9
  Swamp (0/4) Lair:2        Snake (0/4) Lair:2          Orc (0/2) D:9
 Bailey (visited)           IceCv (visited)
  Slime: Lair:4-5

Altars:
Elyvilon
Kikubaaqudgha
Nemelex Xobeh
Ru
Sif Muna
Vehumet
Wu Jian
Zin

Shops:
D:8 :   D:9 ([


Innate Abilities, Weirdness & Mutations

You are very nimble when in or above water. (Stealth+, EV+, Speed+++)
Your lower body shifts to a powerful aquatic tail in water.


Message History

The cane toad stings you.
* * * LOW HITPOINT WARNING * * *
You closely miss the cane toad. You tail-slap the cane toad!
You kill the cane toad!
Trog accepts your kill. The yak gores you but does no damage.
The yak gores you!
* * * LOW HITPOINT WARNING * * *
Reach: a) +2 bardiche (freeze)
Press: ? - help, Dir - move target, f/p - goliath frog
Aim: a goliath frog (heavily wounded, slow, about 45% to evade your +2 bardiche of freezing)
You reach to attack!
You hit the goliath frog.
The goliath frog seems to slow down.
You freeze the goliath frog.
The goliath frog is severely wounded.
The goliath frog barely misses you.
Reach: a) +2 bardiche (freeze)
Press: ? - help, Dir - move target, f/p - goliath frog
Aim: a goliath frog (severely wounded, slow, about 45% to evade your +2 bardiche of freezing)
You reach to attack!
You hit the goliath frog. You freeze the goliath frog.
The goliath frog is severely wounded.
The yak barely misses you. The yak gores you.
* * * LOW HITPOINT WARNING * * *
The yak gores you!
* * * LOW HITPOINT WARNING * * *
Reach: a) +2 bardiche (freeze)
Press: ? - help, Dir - move target, f/p - goliath frog
Aim: a goliath frog (severely wounded, slow, about 45% to evade your +2 bardiche of freezing)
The yak is in the way.
You slice the yak!! You freeze the yak!
The yak is severely wounded.
The goliath frog hits you but does no damage.
Reach: a) +2 bardiche (freeze)
Press: ? - help, Dir - move target, f/p - goliath frog
Aim: a goliath frog (severely wounded, slow, about 45% to evade your +2 bardiche of freezing)
You reach to attack!
You slash the goliath frog! You freeze the goliath frog.
You feel the power of Trog in you as your rage grows.
You kill the goliath frog!
Trog accepts your kill. The yak gores you but does no damage.
The yak gores you!
* * * LOW HITPOINT WARNING * * *
The yak gores you.
You die...

♣♣..............
................
........$.......
.P)..P.~........
P...............
~~~~~~~†...~.... ~~
#~≈~~~....~. ~~~~≈
###Y~~~~.... ~~~~P~
##@Y~~~P~~..
~~~~~~####~PY~~≈~≈~~.
~~~~~~~~~#~~~.≈~~~.##
~~~~~~~~~~~~~~..####
≈~~≈≈~~.~~####### #
≈~~≈~≈.~~~~~##.##~~~
≈≈~~~.~~.).~~.P~~≈≈≈
~≈≈~~~~...)††~~~≈~≈~
~~~~.~~..[††~.~~~≈~~


You could see 3 yaks.

Vanquished Creatures
  An orc warlord (Bailey)
  An ice dragon (IceCv)
  A hydra (Lair:4)
  6 death yaks
  3 two-headed ogres
  3 skysharks
  2 goliath frogs (Lair:5)
  2 bog bodies (Lair:2)
  Pikel (D:6)
  An orc knight (Bailey)
  The ghost of olddryhag the Magician, a novice DsHW (D:6)
  7 elephants (Lair:5)
  2 ice statues (IceCv)
  3 black mambas
  A torpor snail (Lair:3)
  Maggie (D:6)
  17 cane toads
  7 rime drakes
  7 komodo dragons
  A troll (D:9)
  2 polar bears (D:8)
  2 hornets (D:9)
  A tyrant leech (Lair:5)
  30 blink frogs
  Sigmund (D:3)
  3 wyverns
  A basilisk (Lair:1)
  30 yaks
  5 vampire mosquitoes
  Edmund (D:4)
  2 nagas (Lair:2)
  Duvessa (D:4)
  An acid dragon (D:8)
  5 water moccasins
  3 black bears
  4 ice beasts
  17 orc warriors
  2 sky beasts (D:7)
  2 ogres (D:5)
  11 wolves
  The ghost of osoart the Shield-Bearer, an amateur FoFi (D:3)
  3 centaurs
  2 phantoms
  2 lemures (D:6)
  Blork the orc (D:6)
  A gnoll sergeant (D:5)
  2 kobold brigands
  11 bullfrogs
  A scorpion (D:4)
  Dowan (D:4)
  4 lindwurm simulacra (IceCv)
  A howler monkey (D:6)
  6 electric eels
  A wyvern simulacrum (D:8)
  3 komodo dragon simulacra (IceCv)
  A hound (D:5)
  7 orc priests
  3 iguanas
  4 orc wizards
  A centaur simulacrum (D:8)
  7 acid dragon simulacra (IceCv)
  12 gnolls
  9 adders
  4 white imps
  2 ufetubi
  7 steam dragon simulacra (IceCv)
  3 dart slugs
  53 orcs
  12 endoplasms
  3 giant cockroaches
  19 goblins
  13 hobgoblins
  8 jackals
  5 quokkas
  5 ball pythons
  5 bats
  A frilled lizard (D:1)
  19 kobolds
  6 rats
  A spectral goblin (D:3)
442 creatures vanquished.

Vanquished Creatures (collateral kills)
  2 yaks (D:8)
2 creatures vanquished.

Vanquished Creatures (others)
  A bush (Lair:4)
  9 fungi
  93 plants
103 creatures vanquished.

Grand Total: 547 creatures vanquished

Notes
Turn   | Place    | Note
-------+----------+-------------------------------------------
     0 | D:1      | jejorda2 the Merfolk Berserker began the quest for the Orb.
     0 | D:1      | Reached XP level 1. HP: 18/18 MP: 1/1
   236 | D:1      | Reached XP level 2. HP: 18/24 MP: 2/2
   584 | D:1      | Reached ** piety under Trog
   715 | D:1      | Reached XP level 3. HP: 29/29 MP: 3/3
  1160 | D:2      | Reached skill level 5 in Polearms
  1526 | D:2      | Reached XP level 4. HP: 37/37 MP: 4/4
  2038 | D:3      | Found a faded altar of an unknown god.
  2131 | D:3      | Noticed Sigmund
  2144 | D:3      | Killed Sigmund
  2145 | D:3      | Reached skill level 7 in Polearms
  2145 | D:3      | Reached XP level 5. HP: 43/43 MP: 5/5
  2145 | D:3      | Reached XP level 6. HP: 49/49 MP: 6/6
  2698 | D:3      | Found a runed translucent gate.
  2698 | D:3      | Found a runed translucent gate.
  2700 | D:3      | Found a runed translucent gate.
  2713 | D:3      | Identified the +8 short sword of the Rescuing Salmon
                  | {flame, Will+}
  2714 | D:3      | Noticed osoart's ghost (amateur FoFi)
  3270 | D:3      | Reached *** piety under Trog
  3348 | D:3      | Killed osoart's ghost
  3349 | D:3      | Reached skill level 5 in Fighting
  3349 | D:3      | Reached XP level 7. HP: 56/56 MP: 7/7
  3451 | D:4      | Reached skill level 8 in Polearms
  3455 | D:4      | Found a staircase to the Ecumenical Temple.
  3545 | D:4      | Noticed Edmund
  3551 | D:4      | Noticed Duvessa
  3552 | D:4      | Noticed Dowan
  3553 | D:4      | Killed Edmund
  3562 | D:4      | Killed Duvessa
  3563 | D:4      | Reached skill level 9 in Polearms
  3563 | D:4      | Reached XP level 8. HP: 44/64 MP: 8/8
  3567 | D:4      | Killed Dowan
  3780 | D:4      | Found a shimmering blue altar of Sif Muna.
  4150 | D:5      | Entered Level 5 of the Dungeon
  4212 | D:5      | Reached skill level 10 in Polearms
  4486 | D:5      | Reached skill level 11 in Polearms
  5153 | D:5      | Found a radiant altar of Vehumet.
  5157 | D:5      | Found an ornate altar of the Wu Jian Council.
  5158 | D:5      | Found a sacrificial altar of Ru.
  5186 | D:5      | Found an ancient bone altar of Kikubaaqudgha.
  5188 | D:5      | Found a sparkling altar of Nemelex Xobeh.
  5290 | D:6      | Found a runed translucent door.
  5293 | D:6      | Noticed olddryhag's ghost (novice DsHW)
  5320 | D:6      | Noticed Maggie
  5337 | D:6      | Killed Maggie
  5338 | D:6      | Reached skill level 12 in Polearms
  5338 | D:6      | Reached XP level 9. HP: 69/69 MP: 9/9
  5378 | D:6      | Found a white marble altar of Elyvilon.
  5453 | D:6      | Noticed Blork the orc
  5460 | D:6      | Reached skill level 5 in Armour
  5463 | D:6      | Killed Blork the orc
  5589 | D:6      | Noticed Pikel
  5599 | D:6      | Killed Pikel
  5600 | D:6      | Reached skill level 13 in Polearms
  5951 | D:6      | Killed olddryhag's ghost
  6117 | D:7      | Reached skill level 14 in Polearms
  6298 | D:7      | Reached XP level 10. HP: 68/76 MP: 10/10
  6928 | D:7      | Reached skill level 1 in Throwing
  7022 | D:8      | Reached **** piety under Trog
  7028 | D:8      | Reached skill level 15 in Polearms
  7078 | D:8      | Found a glowing silver altar of Zin.
  7093 | D:8      | Found Fecaox's Tremendous Tomes.
  7405 | D:8      | Found a flagged portal.
  7430 | Bailey   | Entered a bailey
  7459 | Bailey   | Reached skill level 16 in Polearms
  7512 | Bailey   | Reached XP level 11. HP: 56/84 MP: 11/11
  7809 | Bailey   | Noticed an orc knight
  7832 | Bailey   | Killed an orc knight
  7951 | Bailey   | Noticed an orc warlord
  8151 | Bailey   | Killed an orc warlord
  8152 | Bailey   | Reached skill level 17 in Polearms
  8244 | D:8      | Acquired the +4 crystal plate armour of Inaction {rPois
                  | Stlth+}
  8464 | D:8      | Reached skill level 5 in Throwing
  8485 | D:8      | Noticed a two-headed ogre
  8493 | D:8      | Killed a two-headed ogre
  8872 | D:9      | Noticed a two-headed ogre
  8883 | D:9      | Killed a two-headed ogre
  8967 | D:9      | Found Cablodweyfy's Weapon Boutique.
  8986 | D:9      | Found a staircase to the Orcish Mines.
  8986 | D:9      | Noticed a two-headed ogre
  9002 | D:9      | Killed a two-headed ogre
  9048 | D:9      | Found Rysh's Armour Boutique.
  9059 | D:9      | Reached skill level 18 in Polearms
  9223 | D:9      | Found a staircase to the Lair.
  9370 | D:9      | Identified the +4 war axe of Donoe {freeze, Dex+4}
  9653 | Lair:1   | Entered Level 1 of the Lair of Beasts
  9784 | Lair:1   | Found a transporter.
  9795 | Lair:1   | Found a frozen archway.
  9807 | IceCv    | Entered an ice cave
  9977 | IceCv    | Reached XP level 12. HP: 88/94 MP: 12/12
  9996 | IceCv    | Reached skill level 19 in Polearms
 10367 | IceCv    | Noticed an ice dragon
 10385 | IceCv    | Reached ***** piety under Trog
 10537 | IceCv    | Killed an ice dragon
 10796 | Lair:1   | Reached skill level 20 in Polearms
 10848 | Lair:1   | Found a transporter.
 11231 | Lair:1   | Identified the ring "Ruotoo" {Fire rPois Will- MP+9 Stlth-}
 11255 | Lair:1   | Acquired the amulet "Urerek" {Faith Drain Regen+ Str-2
                  | Dex+9}
 11581 | Lair:2   | Found a staircase to the Snake Pit.
 11630 | Lair:2   | Acquired a manual of Fighting
 11858 | Lair:2   | Noticed a skyshark
 11871 | Lair:2   | Killed a skyshark
 11919 | Lair:2   | Found a staircase to the Swamp.
 12174 | Lair:3   | Reached XP level 13. HP: 99/99 MP: 13/13
 12482 | Lair:3   | Acquired the ring "Mangaub" {Str+3 SInv}
 13395 | Lair:4   | Reached skill level 21 in Polearms
 13975 | Lair:5   | Entered Level 5 of the Lair of Beasts
 14070 | Lair:5   | Received a gift from Trog
 14235 | Lair:5   | Reached XP level 14. HP: 106/106 MP: 14/14
 14293 | Lair:5   | Reached skill level 10 in Armour
 14411 | Lair:5   | Received a gift from Trog
 14431 | Lair:5   | HP: 3/159 [yak (9)]
 14431 | Lair:5   | Slain by a yak

Illustrated notes

Levels and vault maps discovered:
D:1:      psy_arrival_fountain, layout_basic, nrook_uturn
D:2:      layout_loops_ring
D:3:      cheibrodos_thug_alley, layout_loops_corners,
          biasface_ghost_orc_armoury, serial_rivers,
          chequers_serial_rivers_marsh, chequers_serial_rivers_room_b,
          chequers_serial_rivers_large_b, chequers_serial_rivers_micro_d,
          chequers_serial_rivers_small_b,
          dreamdust_ecumenical_altar_drowned_temple, uniq_sigmund
D:4:      layout_cave_pools, lemuel_blue_sif_altar, minmay_temple_entry_ruins,
          dk_rats_in_the_wall, uniq_edmund, uniq_duvessa
D:5:      layout_gridville, minmay_overflow_temple_star_hex, minivault_19,
          chequers_serial_rivers_small_a
D:6:      layout_rooms, lemuel_coloured_pillars_altar,
          ebering_ghost_reflecting_pool, minivault_27, uniq_blork_the_orc,
          uniq_pikel, uniq_maggie
D:7:      layout_basic, reono_crystal_passage
D:8:      layout_basic, old_standard_altar, serial_ice, serial_ice_m,
          serial_ice_a, serial_ice_c, serial_ice_j, enter_bailey_4,
          nicolae_shop_i_like_big_books, nicolae_elevator_lobby_asterisk
D:9:      layout_loops_cross, lair_entry_dummy, orc_david_3, feat_on_display
Lair:1:   gammafunk_worm_tunnel, layout_loops_ring,
          portal_ice_cave_entry_pillars_1
Lair:2:   layout_big_grid, skrybe_swamp_entry_bodies,
          guppyfry_snake_entry_garden, serial_bayou_shore_a
Lair:3:   layout_gridlike
Lair:4:   layout_regular_city
Lair:5:   minmay_lair_end_frog_pond, layout_cellular_growth, slime_entry_1,
          serial_bayou, serial_bayou_ford_a, serial_bayou_shore_b,
          serial_bayou_pond_e, serial_bayou_pond_a

Skill      XL: |  1  2  3  4  5  6  7  8  9 10 11 12 13 14 |
---------------+-------------------------------------------+-----
Polearms       | 5 7 9 12 14 16 18 20 21 | 21.8
Armour         | 2 3 4 5 6 7 9 10 | 10.3
Fighting       | 4 5 6 7 8 |  8.3
Throwing       | 3 6 7 9 |  9.8
Dodging        | |  2.6

Action                     |  1- 3 |  4- 6 |  7- 9 | 10-12 | 13-15 || total
---------------------------+-------+-------+-------+-------+-------++-------
  Melee: Spear             |   158 |   218 |       |       |       ||   376
         Tailslap          |       |     4 |       |     5 |    12 ||    21
         Halberd           |       |    11 |   253 |   293 |       ||   557
         Glaive            |       |       |       |   222 |       ||   222
         Bardiche          |       |       |       |   135 |   347 ||   482
  Throw: Stone             |       |       |     6 |    53 |    15 ||    74
         Dart              |       |       |       |     5 |       ||     5
 Invoke: Berserk           |       |     3 |     6 |    13 |     6 ||    28
         Trog's Hand       |       |     2 |     3 |     8 |     2 ||    15
         Brothers in Arms  |       |       |       |     2 |       ||     2
  Evoke: Wand              |       |       |       |     5 |     3 ||     8
    Use: Scroll            |       |       |    11 |    17 |     3 ||    31
   Stab: Sleeping          |     1 |       |       |       |       ||     1
         Distracted        |       |       |       |     1 |       ||     1
 Armour: Ring mail         |    28 |       |    54 |    46 |       ||   128
         Chain mail        |       |    50 |    23 |    65 |       ||   138
         Crystal plate arm |       |       |       |   147 |   340 ||   487
  Dodge: Dodged            |    44 |    33 |    64 |   147 |    81 ||   369
  Block: Buckler           |    36 |    54 |       |       |       ||    90
         Other             |     3 |       |    30 |       |       ||    33
         Reflection        |     4 |       |     2 |       |       ||     6

Table legend: (Time is in decaauts)
 A = Elapsed time spent in this place.
 B = Non-inter-level travel time spent in this place.
 C = Inter-level travel time spent in this place.
 D = Time resting spent in this place.
 E = Time spent auto-exploring this place.
 F = Levels seen in this place.
 G = Mean time per level.
                   A        B        C        D        E       F      G
               +--------+--------+--------+--------+--------+-----+--------+
         Total |  14271 |  13595 |    676 |   1967 |   8373 |  16 |  891.9 |
       Dungeon |   8779 |   8343 |    436 |    775 |   5791 |   9 |  975.4 |
          Lair |   3822 |   3583 |    239 |    339 |   2278 |   5 |  764.4 |
        Bailey |    774 |    774 |      0 |    383 |    164 |   1 |  774.0 |
      Ice Cave |    895 |    895 |      0 |    469 |    140 |   1 |  895.0 |
               +--------+--------+--------+--------+--------+-----+--------+

Top non-repeatable levels by time:
     D:3: 1539 daAuts
  Lair:4: 1129 daAuts
     D:1: 1127 daAuts
     D:5: 1099 daAuts
     D:8: 1094 daAuts
     D:7: 912 daAuts
   IceCv: 895 daAuts
     D:6: 844 daAuts
  Lair:3: 841 daAuts
  Lair:2: 819 daAuts
  Lair:1: 775 daAuts
  Bailey: 774 daAuts
     D:4: 748 daAuts
     D:9: 745 daAuts
     D:2: 668 daAuts
